Sharks vs Lightning

Created - Wednesday, February 17, 2016 at 01:18

Goals
1 2 3 T
Sharks 0 1 0 1
Lightning 1 1 4 6
Shots
1 2 3 T
Sharks 6 11 8 25
Lightning 5 5 21 31

1st period

1. Lightning , Leo Komarov 4 (Ryan Suter, Matt Calvert) at 10:47

Penalties :
Luca Sbisa (SJ ) for Hooking (Minor) at 1:15, Marc Methot (TB ) for Tripping (Minor) at 11:48, Michael Stone (TB ) for Roughing (Minor) at 15:41, Ryan Suter (TB ) for Holding (Minor) at 15:48

2nd period

2. Sharks , Jayson Megna 2 (Ryan Hamilton, Andy Andreoff) at 1:40
3. Lightning , Ondrej Palat 24 (Brandon Dubinsky, Dmitry Kulikov) at 19:38

Penalties :
Klas Dahlbeck (SJ ) for Roughing (Minor) at 5:13, Derek MacKenzie (TB ) for Boarding (Minor) at 12:52

3rd period

4. Lightning , Ryan Strome 21 (Ondrej Palat, Brandon Dubinsky) at 13:24
5. Lightning , Ryan Nugent-Hopkins 31 (Alexander Steen) at 15:05 (PP)
6. Lightning , Tyson Barrie 8 (Jiri Tlusty, Ryan Suter) at 17:42
7. Lightning , Brandon Dubinsky 19 (Ondrej Palat, Ryan Strome) at 18:18

Penalties :
Ryan Suter (TB ) for High sticking (Minor) at 1:35, Roman Polak (TB ) for Slashing (Minor) at 1:54, Roman Polak (TB ) for Interference (Minor) at 4:47, Michael Stone (TB ) for Tripping (Minor) at 9:37, Jay Harrison (SJ ) for Hooking (Minor) at 14:32, Alexander Steen (TB ) for Hooking (Minor) at 19:02

Goalie Stats

Calvin Pickard (SJ ), 25 saves from 31 shots - (0.806), L, 5-4-0, 60:00 minutes
Carey Price (TB ), 24 saves from 25 shots - (0.960), W, 28-11-6, 60:00 minutes

Players Stats for Sharks

Player Name              G  A  P  +/- PIM S  H  SB GA TA FO     MP     PP MP  PK MP  
------------------------------------------------------------------------------------
Andy Andreoff            0  1  1   1  0   2  1  1  1  0  1/5    10:51   0:00   0:00 
Brendan Smith            0  0  0  -1  0   1  1  1  0  0  0/0    14:40   0:00   1:08 
Brian Gionta             0  0  0  -3  0   1  0  3  8  0  2/5    21:10   7:31   2:47 
Chris Tierney            0  0  0   0  0   1  0  1  0  0  4/14   18:07   5:46   0:00 
Curtis Glencross         0  0  0  -2  0   0  0  0  2  0  0/1     8:07   0:00   0:22 
Ian Cole                 0  0  0  -3  0   1  1  0  1  0  0/0    25:09   9:00   0:00 
Jay Harrison             0  0  0  -1  2   1  2  2  0  0  0/0    15:32   0:00   3:23 
Jayson Megna             1  0  1   1  0   1  3  0  2  0  0/1    10:51   0:00   0:00 
Justin Schultz           0  0  0  -3  0   2  1  2  1  1  0/0    28:05   9:00   3:56 
Klas Dahlbeck            0  0  0   0  2   1  3  0  0  1  0/0    18:12   4:17   0:00 
Lance Bouma              0  0  0  -3  0   1  3  1  1  0  0/0    19:18   7:31   0:55 
Luca Sbisa               0  0  0   0  2   1  2  1  0  2  0/0    19:07   4:17   0:35 
Michael Latta            0  0  0  -2  0   0  2  0  0  0  3/3     8:57   0:00   0:49 
Nicolas Deslauriers      0  0  0   0  0   4  7  0  0  1  0/0    18:07   5:46   0:00 
Richard Panik            0  0  0  -2  0   1  1  1  0  0  0/1     7:20   0:00   0:00 
Ryan Hamilton            0  1  1   1  0   4  0  0  1  0  0/0    10:51   0:00   0:00 
Tomas Fleischmann        0  0  0   0  0   2  2  1  2  0  0/2    19:02   5:46   0:55 
Travis Zajac             0  0  0  -3  0   1  0  2  4  1  13/22  22:00   7:31   3:14 

Players Stats for Lightning

Player Name              G  A  P  +/- PIM S  H  SB GA TA FO     MP     PP MP  PK MP  
------------------------------------------------------------------------------------
Alex Chiasson            0  0  0   1  0   1  3  0  1  0  0/0     9:35   0:00   0:00 
Alexander Steen          0  1  1  -1  2   1  2  0  0  1  3/3    16:56   2:20   1:18 
Brandon Dubinsky         1  2  3   3  0   5  2  0  1  1  12/16  20:24   2:11   6:38 
Derek MacKenzie          0  0  0   1  2   1  1  1  0  0  7/16   13:48   0:00   5:20 
Dmitry Kulikov           0  1  1   1  0   3  2  2  1  0  0/0    21:21   1:32   6:06 
Jiri Tlusty              0  1  1   1  0   1  0  2  1  0  0/0     9:35   0:00   0:00 
John Mitchell            0  0  0   1  0   0  0  0  0  0  4/6     9:35   0:00   0:00 
Leo Komarov              1  0  1   1  0   5  1  0  1  0  0/2    12:34   0:00   4:51 
Marc Methot              0  0  0   1  2   0  1  2  0  3  0/0    23:08   1:32   7:17 
Matt Calvert             0  1  1   1  0   0  1  0  0  1  0/0    12:45   0:00   4:28 
Michael Stone            0  0  0   2  4   0  3  1  0  1  0/0    15:32   0:00   1:23 
Ondrej Palat             1  2  3   3  0   3  0  1  0  0  0/0    11:49   2:11   0:00 
Patric Hornqvist         0  0  0  -1  0   1  3  0  2  0  0/0    15:39   2:20   0:00 
Roman Polak              0  0  0   2  4   1  3  4  0  0  0/0    20:33   0:00   5:18 
Ryan Nugent-Hopkins      1  0  1  -1  0   2  0  1  2  0  5/11   15:39   2:20   0:00 
Ryan Strome              1  1  2   3  0   4  0  0  0  0  0/0    11:49   2:11   0:00 
Ryan Suter               0  2  2   1  4   2  0  2  1  2  0/0    25:15   2:59   6:17 
Tyson Barrie             1  0  1   1  0   1  3  1  0  0  0/0    17:04   2:59   0:37 

3 Stars

1 - Brandon Dubinsky (TB )
2 - Ondrej Palat (TB )
3 - Ryan Strome (TB )

Power Play

Sharks - 0 on 10 Attempt(s) - 0.00%
Lightning - 1 on 3 Attempt(s) - 33.33%

Penalty Kill

Sharks - 2 on 3 Attempt(s) - 66.67% - Score 0 goal in Penalty Kill
Lightning - 10 on 10 Attempt(s) - 100.00% - Score 0 goal in Penalty Kill

Team Stat

Sharks - Hits : 29 - Faceoff Wins : 23 - Blocked Shots : 16 - Penalty Minutes : 6
Lightning - Hits : 25 - Faceoff Wins : 31 - Blocked Shots : 17 - Penalty Minutes : 18

Official

Referees : Unknown
Linesman : Unknown

Game Notes

6:21 of 3rd period - Penalty Shot by Dmitry Kulikov for Lightning - Stopped by Calvin Pickard

Finance

Level 1 -- Attendance: 5982 (99.70%) -- Ticket Income $448,650
Level 2 -- Attendance: 5000 (100.00%) -- Ticket Income $250,000
Level 3 -- Attendance: 1794 (89.70%) -- Ticket Income $44,850
Level 4 -- Attendance: 4000 (100.00%) -- Ticket Income $60,000
Luxury Box -- Attendance: 998 (99.80%) -- Ticket Income $174,650
Game was played at the St. Pete Times Forum.
Total Attendance: 17774 (98.74%)
Total Ticket Income: $978,150
Other Income: $479,294
Total Income: $1,457,444

Sharks

5 vs 5 Forward 
   Center                   Left Wing                Right Wing               Time % Phy DF OF 
 1 Travis Zajac             Lance Bouma              Brian Gionta             35     1   2  2  
 2 Chris Tierney            Tomas Fleischmann        Nicolas Deslauriers      30     1   2  2  
 3 Andy Andreoff            Ryan Hamilton            Jayson Megna             22     1   2  2  
 4 Michael Latta            Curtis Glencross         Richard Panik            13     1   2  2  

5 vs 5 Defense 
   Defense                  Defense                                           Time % Phy DF OF 
 1 Ian Cole                 Justin Schultz                                    35     1   2  2  
 2 Luca Sbisa               Klas Dahlbeck                                     30     1   2  2  
 3 Jay Harrison             Brendan Smith                                     22     1   2  2  
 4 Ian Cole                 Justin Schultz                                    13     1   2  2  

PowerPlay Forward 
   Center                   Left Wing                Right Wing               Time % Phy DF OF 
 1 Travis Zajac             Lance Bouma              Brian Gionta             60     1   2  2  
 2 Chris Tierney            Tomas Fleischmann        Nicolas Deslauriers      40     1   2  2  

PowerPlay Defense
   Defense                  Defense                                           Time % Phy DF OF 
 1 Ian Cole                 Justin Schultz                                    60     1   2  2  
 2 Luca Sbisa               Klas Dahlbeck                                     40     1   2  2  

Penalty Kill 4 Players Forward 
   Center                   Wing                     Time % Phy DF OF 
 1 Brian Gionta             Travis Zajac             60     1   2  2  
 2 Lance Bouma              Tomas Fleischmann        40     1   2  2  

Penalty Kill 4 Players Defense
   Defense                  Defense                  Time % Phy DF OF 
 1 Jay Harrison             Justin Schultz           60     1   2  2  
 2 Luca Sbisa               Klas Dahlbeck            40     1   2  2  

Penalty Kill - 3 Players Forward 
   Forward                                           Time % Phy DF OF 
 1 Brian Gionta                                      60     1   2  2  
 2 Travis Zajac                                      40     1   2  2  

Penalty Kill - 3 Players Defense
   Defense                  Defense                  Time % Phy DF OF 
 1 Jay Harrison             Brendan Smith            60     1   2  2  
 2 Luca Sbisa               Klas Dahlbeck            40     1   2  2  

4 vs 4 Forward 
   Center                   Wing                     Time % Phy DF OF 
 1 Brian Gionta             Travis Zajac             60     1   2  2  
 2 Lance Bouma              Tomas Fleischmann        40     1   2  2  

4 vs 4 Defense
   Defense                  Defense                  Time % Phy DF OF 
 1 Ian Cole                 Justin Schultz           60     1   2  2  
 2 Luca Sbisa               Klas Dahlbeck            40     1   2  2  

Last Minutes Offensive
   Center                   Left Wing                Right Wing               Defense                  Defense                  
   Travis Zajac             Lance Bouma              Brian Gionta             Brendan Smith            Justin Schultz           

Last Minutes Defensive
   Center                   Left Wing                Right Wing               Defense                  Defense                  
   Travis Zajac             Lance Bouma              Brian Gionta             Brendan Smith            Justin Schultz           

Goaltenders
Starting : Calvin Pickard           
Backup : Kari Lehtonen            

Extra Forwards
Normal : Andy Andreoff, Jayson Megna, Michael Latta - PP : Travis Zajac, Jayson Megna - PK : Michael Latta
Extra Defensemen
Normal : Jay Harrison, Brendan Smith, Ian Cole - PP : Jay Harrison - PK : Brendan Smith, Ian Cole
Penalty Shots
Brian Gionta, Travis Zajac, Lance Bouma, Chris Tierney, Tomas Fleischmann

Lightning

5 vs 5 Forward 
   Center                   Left Wing                Right Wing               Time % Phy DF OF 
 1 Ryan Nugent-Hopkins      Alexander Steen          Patric Hornqvist         30     0   2  3  
 2 Brandon Dubinsky         Ondrej Palat             Ryan Strome              30     1   2  2  
 3 John Mitchell            Jiri Tlusty              Alex Chiasson            20     1   2  2  
 4 Derek MacKenzie          Matt Calvert             Leo Komarov              20     1   2  2  

5 vs 5 Defense 
   Defense                  Defense                                           Time % Phy DF OF 
 1 Ryan Suter               Tyson Barrie                                      34     1   2  2  
 2 Dmitry Kulikov           Marc Methot                                       33     1   2  2  
 3 Roman Polak              Michael Stone                                     33     1   2  2  
 4 Ryan Suter               Tyson Barrie                                      0      1   2  2  

PowerPlay Forward 
   Center                   Left Wing                Right Wing               Time % Phy DF OF 
 1 Ryan Nugent-Hopkins      Alexander Steen          Patric Hornqvist         50     0   1  4  
 2 Brandon Dubinsky         Ondrej Palat             Ryan Strome              50     0   1  4  

PowerPlay Defense
   Defense                  Defense                                           Time % Phy DF OF 
 1 Ryan Suter               Tyson Barrie                                      60     1   2  2  
 2 Dmitry Kulikov           Marc Methot                                       40     1   2  2  

Penalty Kill 4 Players Forward 
   Center                   Wing                     Time % Phy DF OF 
 1 Derek MacKenzie          Leo Komarov              50     1   4  0  
 2 Brandon Dubinsky         Matt Calvert             50     1   4  0  

Penalty Kill 4 Players Defense
   Defense                  Defense                  Time % Phy DF OF 
 1 Dmitry Kulikov           Roman Polak              50     1   4  0  
 2 Ryan Suter               Marc Methot              50     1   4  0  

Penalty Kill - 3 Players Forward 
   Forward                                           Time % Phy DF OF 
 1 Derek MacKenzie                                   50     1   4  0  
 2 Brandon Dubinsky                                  50     1   4  0  

Penalty Kill - 3 Players Defense
   Defense                  Defense                  Time % Phy DF OF 
 1 Dmitry Kulikov           Roman Polak              50     1   4  0  
 2 Ryan Suter               Marc Methot              50     1   4  0  

4 vs 4 Forward 
   Center                   Wing                     Time % Phy DF OF 
 1 Ryan Nugent-Hopkins      Patric Hornqvist         50     1   2  2  
 2 Brandon Dubinsky         Ondrej Palat             50     1   2  2  

4 vs 4 Defense
   Defense                  Defense                  Time % Phy DF OF 
 1 Ryan Suter               Tyson Barrie             50     1   2  2  
 2 Dmitry Kulikov           Marc Methot              50     1   2  2  

Last Minutes Offensive
   Center                   Left Wing                Right Wing               Defense                  Defense                  
   Ryan Nugent-Hopkins      Alexander Steen          Patric Hornqvist         Ryan Suter               Tyson Barrie             

Last Minutes Defensive
   Center                   Left Wing                Right Wing               Defense                  Defense                  
   Brandon Dubinsky         Alexander Steen          Leo Komarov              Ryan Suter               Roman Polak              

Goaltenders
Starting : Carey Price              
Backup : Mike Smith               

Extra Forwards
Normal : Ryan Nugent-Hopkins, Patric Hornqvist, Brandon Dubinsky - PP : Ryan Nugent-Hopkins, Patric Hornqvist - PK : Leo Komarov
Extra Defensemen
Normal : Ryan Suter, Dmitry Kulikov, Marc Methot - PP : Ryan Suter - PK : Roman Polak, Ryan Suter
Penalty Shots
Alexander Steen, Derek MacKenzie, Ryan Strome, Ryan Nugent-Hopkins, Patric Hornqvist

% Time on Ice - Sharks

Lines # - Real PCT - Wanted PCT - Time Play
Normal Forward
1 - 28% - 35% - 11:40
2 - 29% - 30% - 12:21
3 - 26% - 22% - 10:51
4 - 17% - 13% - 7:20
Normal Defense
1 - 33% - 35% - 13:43
2 - 33% - 30% - 13:53
3 - 31% - 22% - 13:10
4 - 3% - 13% - 1:26
PP Forward
1 - 57% - 60% - 7:31
2 - 43% - 40% - 5:46
PP Defense
1 - 68% - 60% - 9:00
2 - 32% - 40% - 4:17
PK Forward
1 - 80% - 60% - 3:36
2 - 20% - 40% - 0:55
PK Defense
1 - 87% - 60% - 3:56
2 - 13% - 40% - 0:35
PK3 Forward
1 - 0% - 60%
2 - 0% - 40%
PK3 Defense
1 - 0% - 60%
2 - 0% - 40%
44 Forward
1 - 0% - 60%
2 - 0% - 40%
44 Defense
1 - 0% - 60%
2 - 0% - 40%
Last Minute Offensive  - 0:00
Last Minute Defensive  - 0:00
Total
Forward - 60:00
Defense - 60:00

% Time on Ice - Lightning

Lines # - Real PCT - Wanted PCT - Time Play
Normal Forward
1 - 32% - 30% - 13:35
2 - 27% - 30% - 11:35
3 - 23% - 20% - 9:35
4 - 18% - 20% - 7:27
Normal Defense
1 - 35% - 34% - 14:37
2 - 33% - 33% - 13:46
3 - 33% - 33% - 13:49
4 - 0% - 0% - 0:00
PP Forward
1 - 52% - 50% - 2:20
2 - 48% - 50% - 2:11
PP Defense
1 - 66% - 60% - 2:59
2 - 34% - 40% - 1:32
PK Forward
1 - 50% - 50% - 4:51
2 - 50% - 50% - 4:54
PK Defense
1 - 48% - 50% - 4:43
2 - 52% - 50% - 5:02
PK3 Forward
1 - 50% - 50% - 1:45
2 - 50% - 50% - 1:47
PK3 Defense
1 - 47% - 50% - 1:40
2 - 53% - 50% - 1:52
44 Forward
1 - 0% - 50%
2 - 0% - 50%
44 Defense
1 - 0% - 50%
2 - 0% - 50%
Last Minute Offensive  - 0:00
Last Minute Defensive  - 0:00
Total
Forward - 60:00
Defense - 60:00

Play by Play

1st period


0:01 of 1st period - Ryan Nugent-Hopkins wins face-off versus Travis Zajac in neutral zone.
0:30 of 1st period - Wrist shot by Alexander Steen.
0:30 of 1st period - Stopped by Calvin Pickard with a rebound.
0:32 of 1st period - Slapshot by Tyson Barrie.
0:32 of 1st period - Shot Misses the Net.
0:34 of 1st period - Slapshot by Ryan Suter.
0:34 of 1st period - Shot Misses the Net.
1:15 of 1st period - Minor Penalty to Luca Sbisa for Hooking.
1:16 of 1st period - Brian Gionta wins face-off versus Ryan Nugent-Hopkins in Sharks zone.
2:01 of 1st period - Wrist shot by Ondrej Palat.
2:01 of 1st period - Shot Misses the Net.
2:03 of 1st period - Backhand shot by Marc Methot.
2:03 of 1st period - Shot Misses the Net.
2:05 of 1st period - Wrist shot by Brandon Dubinsky.
2:05 of 1st period - Shot Misses the Net.
2:36 of 1st period - Wrist shot by Alexander Steen.
2:36 of 1st period - Shot Misses the Net.
2:38 of 1st period - Slapshot by Ryan Suter.
2:38 of 1st period - Shot Misses the Net.
2:59 of 1st period - Travis Zajac is hit by Brandon Dubinsky and loses puck.
3:15 of 1st period - Penalty to Luca Sbisa is over, Luca Sbisa is back on ice.
3:26 of 1st period - Alexander Steen is hit by Luca Sbisa and loses puck.
3:43 of 1st period - Icing by Jiri Tlusty.
3:44 of 1st period - John Mitchell wins face-off versus Andy Andreoff in Lightning zone.
4:50 of 1st period - Snap shot by Matt Calvert.
4:50 of 1st period - Shot Misses the Net.
5:12 of 1st period - Curtis Glencross is hit by Leo Komarov and loses puck.
5:42 of 1st period - Snap shot by Ondrej Palat.
5:42 of 1st period - Stopped by Calvin Pickard without a rebound.
5:43 of 1st period - Andy Andreoff wins face-off versus John Mitchell in Sharks zone.
6:32 of 1st period - Snap shot by Tomas Fleischmann.
6:32 of 1st period - Shot Blocked by Jiri Tlusty.
6:34 of 1st period - Slapshot by Luca Sbisa.
6:34 of 1st period - Shot Misses the Net.
6:36 of 1st period - Slapshot by Klas Dahlbeck.
6:36 of 1st period - Shot Blocked by Jiri Tlusty.
7:25 of 1st period - Wrist shot by Ryan Nugent-Hopkins.
7:25 of 1st period - Shot Blocked by Jay Harrison.
7:27 of 1st period - Snap shot by Alexander Steen.
7:27 of 1st period - Shot Blocked by Richard Panik.
7:29 of 1st period - Slapshot by Roman Polak.
7:29 of 1st period - Shot Misses the Net.
7:31 of 1st period - Wrist shot by Patric Hornqvist.
7:31 of 1st period - Shot Misses the Net.
7:37 of 1st period - Snap shot by Alexander Steen.
7:37 of 1st period - Deflect By Ryan Nugent-Hopkins.
7:37 of 1st period - Stopped by Calvin Pickard with a rebound.
7:39 of 1st period - Slapshot by Roman Polak.
7:39 of 1st period - Shot Blocked by Brendan Smith.
7:41 of 1st period - Slapshot by Roman Polak.
7:41 of 1st period - Deflect By Patric Hornqvist.
7:41 of 1st period - Shot Misses the Net.
7:41 of 1st period - Puck is out of play.
7:42 of 1st period - Brandon Dubinsky wins face-off versus Jayson Megna in Sharks zone.
8:11 of 1st period - Slapshot by Brandon Dubinsky.
8:11 of 1st period - Deflect By Ondrej Palat.
8:11 of 1st period - Shot Blocked by Andy Andreoff.
8:11 of 1st period - Puck is out of play.
8:12 of 1st period - Derek MacKenzie wins face-off versus Chris Tierney in Sharks zone.
9:03 of 1st period - Icing by Patric Hornqvist.
9:04 of 1st period - Ryan Nugent-Hopkins wins face-off versus Brian Gionta in Lightning zone.
9:04 of 1st period - Ryan Nugent-Hopkins is hit by Lance Bouma.
9:12 of 1st period - Travis Zajac is hit by Roman Polak and loses puck.
9:21 of 1st period - Ryan Nugent-Hopkins is hit by Lance Bouma and loses puck.
10:06 of 1st period - Tyson Barrie is hit by Ian Cole and loses puck.
10:23 of 1st period - Snap shot by Brandon Dubinsky.
10:23 of 1st period - Stopped by Calvin Pickard with a rebound.
10:43 of 1st period - Wrist shot by Matt Calvert.
10:43 of 1st period - Shot Blocked by Jay Harrison.
10:45 of 1st period - Slapshot by Ryan Suter.
10:45 of 1st period - Shot Misses the Net.
10:47 of 1st period - Snap shot by Leo Komarov.
10:47 of 1st period - Goal by Leo Komarov - Sharks : 0 - Lightning : 1.
10:48 of 1st period - Ryan Nugent-Hopkins wins face-off versus Chris Tierney in neutral zone.
11:09 of 1st period - Klas Dahlbeck is hit by Patric Hornqvist and loses puck.
11:48 of 1st period - Minor Penalty to Marc Methot for Tripping.
11:49 of 1st period - Derek MacKenzie wins face-off versus Travis Zajac in Lightning zone.
13:00 of 1st period - Ryan Suter is hit by Tomas Fleischmann and loses puck.
13:38 of 1st period - Matt Calvert is hit by Nicolas Deslauriers.
13:48 of 1st period - Penalty to Marc Methot is over, Marc Methot is back on ice.
13:56 of 1st period - Nicolas Deslauriers is hit by Alexander Steen and loses puck.
14:14 of 1st period - Nicolas Deslauriers is hit by Patric Hornqvist and loses puck.
14:41 of 1st period - Jay Harrison is hit by Alex Chiasson and loses puck.
15:03 of 1st period - John Mitchell is hit by Andy Andreoff and loses puck.
15:18 of 1st period - Snap shot by Richard Panik.
15:18 of 1st period - Stopped by Carey Price with a rebound.
15:24 of 1st period - Snap shot by Michael Latta.
15:24 of 1st period - Shot Misses the Net.
15:41 of 1st period - Minor Penalty to Michael Stone for Roughing.
15:42 of 1st period - Travis Zajac wins face-off versus Derek MacKenzie in Lightning zone.
15:48 of 1st period - Minor Penalty to Ryan Suter for Holding.
15:49 of 1st period - Travis Zajac wins face-off versus Derek MacKenzie in Lightning zone.
16:17 of 1st period - Snap shot by Travis Zajac.
16:17 of 1st period - Shot Misses the Net.
16:19 of 1st period - Wrist shot by Lance Bouma.
16:19 of 1st period - Stopped by Carey Price without a rebound.
16:20 of 1st period - Brandon Dubinsky wins face-off versus Travis Zajac in Lightning zone.
16:35 of 1st period - Wrist shot by Travis Zajac.
16:35 of 1st period - Shot Misses the Net.
16:37 of 1st period - Wrist shot by Luca Sbisa.
16:37 of 1st period - Shot Blocked by Roman Polak.
16:39 of 1st period - Wrist shot by Luca Sbisa.
16:39 of 1st period - Stopped by Carey Price without a rebound.
16:40 of 1st period - Travis Zajac wins face-off versus Derek MacKenzie in Lightning zone.
17:01 of 1st period - Roman Polak is hit by Tomas Fleischmann and loses puck.
17:41 of 1st period - Penalty to Michael Stone is over, Michael Stone is back on ice.
17:48 of 1st period - Penalty to Ryan Suter is over, Ryan Suter is back on ice.
17:56 of 1st period - Ian Cole is hit by Michael Stone and loses puck.
18:05 of 1st period - Slapshot by Brendan Smith.
18:05 of 1st period - Stopped by Carey Price without a rebound.
18:06 of 1st period - Derek MacKenzie wins face-off versus Andy Andreoff in Lightning zone.
18:17 of 1st period - Ryan Suter is hit by Jay Harrison and loses puck.
18:22 of 1st period - Snap shot by Ryan Hamilton.
18:22 of 1st period - Stopped by Carey Price without a rebound.
18:23 of 1st period - Michael Latta wins face-off versus Derek MacKenzie in Lightning zone.
18:30 of 1st period - Slapshot by Justin Schultz.
18:30 of 1st period - Stopped by Carey Price with a rebound.
18:32 of 1st period - Wrist shot by Richard Panik.
18:32 of 1st period - Shot Misses the Net.
18:52 of 1st period - Wrist shot by Michael Latta.
18:52 of 1st period - Shot Misses the Net.
18:54 of 1st period - Slapshot by Ian Cole.
18:54 of 1st period - Shot Hit the Post.
19:18 of 1st period - Nicolas Deslauriers is hit by Roman Polak and loses puck.
19:37 of 1st period - Chris Tierney is hit by Michael Stone and loses puck.
Goals for this period are 0 for Sharks vs 1 for Lightning.
Shots for this period are 6 for Sharks vs 5 for Lightning.

2nd period


0:01 of 2nd period - Brandon Dubinsky wins face-off versus Travis Zajac in neutral zone.
1:34 of 2nd period - Wrist shot by Jayson Megna.
1:34 of 2nd period - Shot Blocked by Ryan Nugent-Hopkins.
1:36 of 2nd period - Slapshot by Andy Andreoff.
1:36 of 2nd period - Stopped by Carey Price with a rebound.
1:38 of 2nd period - Snap shot by Ryan Hamilton.
1:38 of 2nd period - Stopped by Carey Price with a rebound.
1:40 of 2nd period - Snap shot by Jayson Megna.
1:40 of 2nd period - Goal by Jayson Megna - Sharks : 1 - Lightning : 1.
1:41 of 2nd period - Travis Zajac wins face-off versus Derek MacKenzie in neutral zone.
2:04 of 2nd period - Slapshot by Brian Gionta.
2:04 of 2nd period - Deflect By Travis Zajac.
2:04 of 2nd period - Stopped by Carey Price without a rebound.
2:05 of 2nd period - Brandon Dubinsky wins face-off versus Chris Tierney in Lightning zone.
2:16 of 2nd period - Slapshot by Nicolas Deslauriers.
2:16 of 2nd period - Stopped by Carey Price with a rebound.
2:18 of 2nd period - Snap shot by Chris Tierney.
2:18 of 2nd period - Stopped by Carey Price without a rebound.
2:19 of 2nd period - Brandon Dubinsky wins face-off versus Chris Tierney in Lightning zone.
2:24 of 2nd period - Wrist shot by Ondrej Palat.
2:24 of 2nd period - Stopped by Calvin Pickard without a rebound.
2:25 of 2nd period - Brandon Dubinsky wins face-off versus Chris Tierney in Sharks zone.
2:58 of 2nd period - Wrist shot by Tomas Fleischmann.
2:58 of 2nd period - Shot Misses the Net.
3:20 of 2nd period - Wrist shot by Alexander Steen.
3:20 of 2nd period - Shot Blocked by Brian Gionta.
3:38 of 2nd period - Alexander Steen is hit by Jay Harrison and loses puck.
3:58 of 2nd period - Ian Cole is hit by Tyson Barrie and loses puck.
4:07 of 2nd period - Ryan Suter is hit by Jayson Megna and loses puck.
4:42 of 2nd period - Snap shot by Richard Panik.
4:42 of 2nd period - Shot Misses the Net.
5:13 of 2nd period - Minor Penalty to Klas Dahlbeck for Roughing.
5:14 of 2nd period - Brandon Dubinsky wins face-off versus Brian Gionta in Sharks zone.
6:57 of 2nd period - Brendan Smith is hit by Alexander Steen and loses puck.
7:13 of 2nd period - Penalty to Klas Dahlbeck is over, Klas Dahlbeck is back on ice.
7:22 of 2nd period - Brendan Smith is hit by Marc Methot and loses puck.
7:33 of 2nd period - Michael Stone is hit by Klas Dahlbeck and loses puck.
7:57 of 2nd period - Roman Polak is hit by Nicolas Deslauriers and loses puck.
8:32 of 2nd period - Matt Calvert is hit by Jayson Megna and loses puck.
8:51 of 2nd period - Slapshot by Tyson Barrie.
8:51 of 2nd period - Shot Misses the Net.
8:57 of 2nd period - Leo Komarov is hit by Klas Dahlbeck and loses puck.
9:14 of 2nd period - Slapshot by Justin Schultz.
9:14 of 2nd period - Deflect By Ryan Suter.
9:14 of 2nd period - Stopped by Carey Price without a rebound.
9:15 of 2nd period - Michael Latta wins face-off versus Ryan Nugent-Hopkins in Lightning zone.
9:47 of 2nd period - Roman Polak is hit by Michael Latta and loses puck.
9:58 of 2nd period - Jay Harrison is hit by Patric Hornqvist and loses puck.
10:24 of 2nd period - Brendan Smith is hit by Michael Stone and loses puck.
10:49 of 2nd period - Wrist shot by Lance Bouma.
10:49 of 2nd period - Shot Misses the Net.
10:51 of 2nd period - Slapshot by Klas Dahlbeck.
10:51 of 2nd period - Shot Blocked by Ondrej Palat.
10:53 of 2nd period - Slapshot by Lance Bouma.
10:53 of 2nd period - Shot Misses the Net.
11:23 of 2nd period - Ryan Hamilton is hit by Tyson Barrie and loses puck.
11:49 of 2nd period - Alex Chiasson is hit by Brendan Smith and loses puck.
12:21 of 2nd period - Marc Methot is hit by Klas Dahlbeck and loses puck.
12:52 of 2nd period - Minor Penalty to Derek MacKenzie for Boarding.
12:53 of 2nd period - Alexander Steen wins face-off versus Chris Tierney in Lightning zone.
13:07 of 2nd period - Slapshot by Alexander Steen.
13:07 of 2nd period - Shot Blocked by Justin Schultz.
13:09 of 2nd period - Snap shot by Roman Polak.
13:09 of 2nd period - Stopped by Calvin Pickard without a rebound.
13:10 of 2nd period - Chris Tierney wins face-off versus Leo Komarov in Sharks zone.
13:19 of 2nd period - Alexander Steen is hit by Nicolas Deslauriers and loses puck.
13:42 of 2nd period - Wrist shot by Brandon Dubinsky.
13:42 of 2nd period - Shot Blocked by Justin Schultz.
13:44 of 2nd period - Snap shot by Brandon Dubinsky.
13:44 of 2nd period - Shot Misses the Net.
13:46 of 2nd period - Wrist shot by Dmitry Kulikov.
13:46 of 2nd period - Shot Misses the Net.
13:48 of 2nd period - Snap shot by Matt Calvert.
13:48 of 2nd period - Shot Blocked by Chris Tierney.
13:50 of 2nd period - Slapshot by Dmitry Kulikov.
13:50 of 2nd period - Stopped by Calvin Pickard without a rebound.
13:51 of 2nd period - Alexander Steen wins face-off versus Travis Zajac in Sharks zone.
14:42 of 2nd period - Matt Calvert is hit by Nicolas Deslauriers and loses puck.
14:52 of 2nd period - Penalty to Derek MacKenzie is over, Derek MacKenzie is back on ice.
15:19 of 2nd period - Wrist shot by Jayson Megna.
15:19 of 2nd period - Shot Blocked by Ryan Suter.
15:26 of 2nd period - Wrist shot by Jay Harrison.
15:26 of 2nd period - Shot Blocked by Ryan Suter.
15:28 of 2nd period - Snap shot by Jayson Megna.
15:28 of 2nd period - Shot Misses the Net.
15:30 of 2nd period - Slapshot by Brendan Smith.
15:30 of 2nd period - Shot Misses the Net.
15:44 of 2nd period - Curtis Glencross is hit by Alex Chiasson and loses puck.
15:57 of 2nd period - Roman Polak is hit by Richard Panik and loses puck.
16:28 of 2nd period - Wrist shot by Patric Hornqvist.
16:28 of 2nd period - Stopped by Calvin Pickard without a rebound.
16:29 of 2nd period - Travis Zajac wins face-off versus Ryan Nugent-Hopkins in Sharks zone.
16:51 of 2nd period - Travis Zajac is hit by Roman Polak and loses puck.
17:08 of 2nd period - Brandon Dubinsky is hit by Luca Sbisa.
17:29 of 2nd period - Backhand shot by Nicolas Deslauriers.
17:29 of 2nd period - Stopped by Carey Price with a rebound.
17:31 of 2nd period - Wrist shot by Nicolas Deslauriers.
17:31 of 2nd period - Deflect By Ondrej Palat.
17:31 of 2nd period - Stopped by Carey Price without a rebound.
17:32 of 2nd period - John Mitchell wins face-off versus Andy Andreoff in Lightning zone.
18:08 of 2nd period - Roman Polak is hit by Jayson Megna and loses puck.
18:39 of 2nd period - Slapshot by Richard Panik.
18:39 of 2nd period - Shot Misses the Net.
18:41 of 2nd period - Slapshot by Jay Harrison.
18:41 of 2nd period - Shot Misses the Net.
18:43 of 2nd period - Slapshot by Curtis Glencross.
18:43 of 2nd period - Shot Blocked by Roman Polak.
18:45 of 2nd period - Snap shot by Jay Harrison.
18:45 of 2nd period - Stopped by Carey Price without a rebound.
18:46 of 2nd period - Travis Zajac wins face-off versus Ryan Nugent-Hopkins in Lightning zone.
19:14 of 2nd period - Wrist shot by Travis Zajac.
19:14 of 2nd period - Shot Misses the Net.
19:36 of 2nd period - Wrist shot by Brandon Dubinsky.
19:36 of 2nd period - Shot Misses the Net.
19:38 of 2nd period - Snap shot by Ondrej Palat.
19:38 of 2nd period - Goal by Ondrej Palat - Sharks : 1 - Lightning : 2.
19:39 of 2nd period - Chris Tierney wins face-off versus Derek MacKenzie in neutral zone.
19:44 of 2nd period - Wrist shot by Tomas Fleischmann.
19:44 of 2nd period - Stopped by Carey Price without a rebound.
19:45 of 2nd period - Derek MacKenzie wins face-off versus Chris Tierney in Lightning zone.
19:45 of 2nd period - Derek MacKenzie is hit by Nicolas Deslauriers.
19:51 of 2nd period - Nicolas Deslauriers is hit by Derek MacKenzie and loses puck.
Goals for this period are 1 for Sharks vs 1 for Lightning.
Shots for this period are 11 for Sharks vs 5 for Lightning.

3rd period


0:01 of 3rd period - Travis Zajac wins face-off versus Brandon Dubinsky in neutral zone.
0:18 of 3rd period - Wrist shot by Travis Zajac.
0:18 of 3rd period - Deflect By Brian Gionta.
0:18 of 3rd period - Shot Misses the Net.
0:18 of 3rd period - Puck is out of play.
0:19 of 3rd period - Brandon Dubinsky wins face-off versus Travis Zajac in Lightning zone.
0:44 of 3rd period - Snap shot by Brian Gionta.
0:44 of 3rd period - Shot Blocked by Tyson Barrie.
1:04 of 3rd period - Ryan Nugent-Hopkins is hit by Justin Schultz and loses puck.
1:35 of 3rd period - Minor Penalty to Ryan Suter for High sticking.
1:36 of 3rd period - Travis Zajac wins face-off versus Leo Komarov in Lightning zone.
1:37 of 3rd period - Snap shot by Brian Gionta.
1:37 of 3rd period - Shot Blocked by Roman Polak.
1:54 of 3rd period - Minor Penalty to Roman Polak for Slashing.
1:55 of 3rd period - Derek MacKenzie wins face-off versus Chris Tierney in Lightning zone.
2:15 of 3rd period - Snap shot by Chris Tierney.
2:15 of 3rd period - Shot Blocked by Dmitry Kulikov.
2:47 of 3rd period - Dmitry Kulikov is hit by Lance Bouma and loses puck.
3:06 of 3rd period - Lance Bouma is hit by Brandon Dubinsky and loses puck.
3:35 of 3rd period - Penalty to Ryan Suter is over, Ryan Suter is back on ice.
3:40 of 3rd period - Dmitry Kulikov is hit by Nicolas Deslauriers and loses puck.
3:51 of 3rd period - Luca Sbisa is hit by Dmitry Kulikov and loses puck.
3:54 of 3rd period - Penalty to Roman Polak is over, Roman Polak is back on ice.
4:38 of 3rd period - Wrist shot by Andy Andreoff.
4:38 of 3rd period - Shot Misses the Net.
4:40 of 3rd period - Snap shot by Andy Andreoff.
4:40 of 3rd period - Shot Blocked by Marc Methot.
4:42 of 3rd period - Slapshot by Jayson Megna.
4:42 of 3rd period - Deflect By Andy Andreoff.
4:42 of 3rd period - Stopped by Carey Price without a rebound.
4:43 of 3rd period - Ryan Nugent-Hopkins wins face-off versus Curtis Glencross in Lightning zone.
4:47 of 3rd period - Minor Penalty to Roman Polak for Interference.
4:48 of 3rd period - Derek MacKenzie wins face-off versus Chris Tierney in Lightning zone.
5:05 of 3rd period - Snap shot by Tomas Fleischmann.
5:05 of 3rd period - Shot Misses the Net.
5:07 of 3rd period - Snap shot by Nicolas Deslauriers.
5:07 of 3rd period - Stopped by Carey Price with a rebound.
5:13 of 3rd period - Snap shot by Chris Tierney.
5:13 of 3rd period - Shot Misses the Net.
5:37 of 3rd period - Wrist shot by Brandon Dubinsky.
5:37 of 3rd period - Shot Blocked by Lance Bouma.
6:13 of 3rd period - Slapshot by Leo Komarov.
6:13 of 3rd period - Shot Blocked by Tomas Fleischmann.
6:21 of 3rd period - Penalty Shot by Dmitry Kulikov for Lightning.
6:21 of 3rd period - Backhand shot by Dmitry Kulikov.
6:21 of 3rd period - Stopped by Calvin Pickard.
6:22 of 3rd period - Brandon Dubinsky wins face-off versus Travis Zajac in Lightning zone.
6:47 of 3rd period - Penalty to Roman Polak is over, Roman Polak is back on ice.
7:02 of 3rd period - Snap shot by Brian Gionta.
7:02 of 3rd period - Stopped by Carey Price without a rebound.
7:03 of 3rd period - Travis Zajac wins face-off versus Ryan Nugent-Hopkins in Lightning zone.
7:41 of 3rd period - Wrist shot by Ryan Hamilton.
7:41 of 3rd period - Stopped by Carey Price without a rebound.
7:42 of 3rd period - Michael Latta wins face-off versus John Mitchell in Lightning zone.
8:12 of 3rd period - Michael Latta is hit by Tyson Barrie.
8:18 of 3rd period - Alex Chiasson is hit by Michael Latta and loses puck.
8:43 of 3rd period - Snap shot by Chris Tierney.
8:43 of 3rd period - Shot Misses the Net.
8:45 of 3rd period - Wrist shot by Tomas Fleischmann.
8:45 of 3rd period - Shot Misses the Net.
9:27 of 3rd period - Snap shot by Ryan Hamilton.
9:27 of 3rd period - Stopped by Carey Price with a rebound.
9:31 of 3rd period - Snap shot by Jayson Megna.
9:31 of 3rd period - Shot Blocked by Michael Stone.
9:37 of 3rd period - Minor Penalty to Michael Stone for Tripping.
9:38 of 3rd period - Travis Zajac wins face-off versus Brandon Dubinsky in Lightning zone.
9:54 of 3rd period - Icing by Ian Cole.
9:55 of 3rd period - Brandon Dubinsky wins face-off versus Brian Gionta in Sharks zone.
9:56 of 3rd period - Snap shot by Ryan Suter.
9:56 of 3rd period - Shot Blocked by Brian Gionta.
10:17 of 3rd period - Snap shot by Travis Zajac.
10:17 of 3rd period - Shot Misses the Net.
10:19 of 3rd period - Snap shot by Travis Zajac.
10:19 of 3rd period - Shot Misses the Net.
10:32 of 3rd period - Icing by Lance Bouma.
10:33 of 3rd period - Chris Tierney wins face-off versus Derek MacKenzie in Sharks zone.
10:44 of 3rd period - Wrist shot by Tomas Fleischmann.
10:44 of 3rd period - Shot Blocked by Derek MacKenzie.
11:00 of 3rd period - Wrist shot by Leo Komarov.
11:00 of 3rd period - Stopped by Calvin Pickard with a rebound.
11:02 of 3rd period - Slapshot by Dmitry Kulikov.
11:02 of 3rd period - Stopped by Calvin Pickard with a rebound.
11:04 of 3rd period - Snap shot by Leo Komarov.
11:04 of 3rd period - Stopped by Calvin Pickard without a rebound.
11:05 of 3rd period - Travis Zajac wins face-off versus Derek MacKenzie in Sharks zone.
11:11 of 3rd period - Slapshot by Klas Dahlbeck.
11:11 of 3rd period - Shot Blocked by Dmitry Kulikov.
11:13 of 3rd period - Slapshot by Klas Dahlbeck.
11:13 of 3rd period - Shot Blocked by Roman Polak.
11:37 of 3rd period - Penalty to Michael Stone is over, Michael Stone is back on ice.
11:40 of 3rd period - Off-side.
11:41 of 3rd period - Ryan Nugent-Hopkins wins face-off versus Tomas Fleischmann in neutral zone.
12:08 of 3rd period - Snap shot by Alexander Steen.
12:08 of 3rd period - Deflect By Ryan Nugent-Hopkins.
12:08 of 3rd period - Shot Misses the Net.
12:08 of 3rd period - Puck is out of play.
12:09 of 3rd period - John Mitchell wins face-off versus Andy Andreoff in Sharks zone.
12:22 of 3rd period - Snap shot by Alex Chiasson.
12:22 of 3rd period - Stopped by Calvin Pickard with a rebound.
13:00 of 3rd period - Slapshot by Brandon Dubinsky.
13:00 of 3rd period - Stopped by Calvin Pickard with a rebound.
13:02 of 3rd period - Slapshot by Roman Polak.
13:02 of 3rd period - Shot Blocked by Travis Zajac.
13:04 of 3rd period - Slapshot by Ryan Strome.
13:04 of 3rd period - Shot Blocked by Brian Gionta.
13:10 of 3rd period - Snap shot by Ryan Strome.
13:10 of 3rd period - Deflect By Brandon Dubinsky.
13:10 of 3rd period - Stopped by Calvin Pickard with a rebound.
13:24 of 3rd period - Snap shot by Ryan Strome.
13:24 of 3rd period - Goal by Ryan Strome - Sharks : 1 - Lightning : 3.
13:25 of 3rd period - Derek MacKenzie wins face-off versus Chris Tierney in neutral zone.
13:34 of 3rd period - Chris Tierney is hit by Matt Calvert and loses puck.
13:39 of 3rd period - Wrist shot by Ryan Suter.
13:39 of 3rd period - Shot Misses the Net.
13:41 of 3rd period - Snap shot by Leo Komarov.
13:41 of 3rd period - Shot Misses the Net.
13:55 of 3rd period - Slapshot by Ryan Suter.
13:55 of 3rd period - Stopped by Calvin Pickard with a rebound.
13:57 of 3rd period - Slapshot by Ryan Suter.
13:57 of 3rd period - Shot Blocked by Luca Sbisa.
13:59 of 3rd period - Slapshot by Derek MacKenzie.
13:59 of 3rd period - Stopped by Calvin Pickard with a rebound.
14:01 of 3rd period - Snap shot by Ryan Suter.
14:01 of 3rd period - Stopped by Calvin Pickard without a rebound.
14:02 of 3rd period - Brandon Dubinsky wins face-off versus Travis Zajac in Sharks zone.
14:05 of 3rd period - Wrist shot by Ryan Strome.
14:05 of 3rd period - Stopped by Calvin Pickard with a rebound.
14:07 of 3rd period - Slapshot by Dmitry Kulikov.
14:07 of 3rd period - Shot Blocked by Travis Zajac.
14:09 of 3rd period - Slapshot by Dmitry Kulikov.
14:09 of 3rd period - Stopped by Calvin Pickard with a rebound.
14:11 of 3rd period - Wrist shot by Ryan Strome.
14:11 of 3rd period - Stopped by Calvin Pickard without a rebound.
14:12 of 3rd period - Travis Zajac wins face-off versus Brandon Dubinsky in Sharks zone.
14:25 of 3rd period - Wrist shot by Brandon Dubinsky.
14:25 of 3rd period - Stopped by Calvin Pickard with a rebound.
14:27 of 3rd period - Wrist shot by Ondrej Palat.
14:27 of 3rd period - Shot Misses the Net.
14:32 of 3rd period - Minor Penalty to Jay Harrison for Hooking.
14:33 of 3rd period - Brian Gionta wins face-off versus Ryan Nugent-Hopkins in Sharks zone.
15:05 of 3rd period - Slapshot by Ryan Nugent-Hopkins.
15:05 of 3rd period - Deflect By Travis Zajac.
15:05 of 3rd period - Goal by Ryan Nugent-Hopkins - Sharks : 1 - Lightning : 4.
15:06 of 3rd period - Chris Tierney wins face-off versus Brandon Dubinsky in neutral zone.
15:15 of 3rd period - Marc Methot is hit by Nicolas Deslauriers and loses puck.
16:00 of 3rd period - Klas Dahlbeck is hit by Dmitry Kulikov.
16:57 of 3rd period - Wrist shot by Leo Komarov.
16:57 of 3rd period - Stopped by Calvin Pickard with a rebound.
17:13 of 3rd period - Slapshot by Leo Komarov.
17:13 of 3rd period - Stopped by Calvin Pickard without a rebound.
17:14 of 3rd period - John Mitchell wins face-off versus Richard Panik in Sharks zone.
17:25 of 3rd period - Justin Schultz is hit by Alex Chiasson and loses puck.
17:40 of 3rd period - Snap shot by Jiri Tlusty.
17:40 of 3rd period - Stopped by Calvin Pickard with a rebound.
17:42 of 3rd period - Slapshot by Tyson Barrie.
17:42 of 3rd period - Goal by Tyson Barrie - Sharks : 1 - Lightning : 5.
17:43 of 3rd period - Brandon Dubinsky wins face-off versus Travis Zajac in neutral zone.
17:52 of 3rd period - Wrist shot by Ryan Strome.
17:52 of 3rd period - Stopped by Calvin Pickard with a rebound.
18:18 of 3rd period - Snap shot by Brandon Dubinsky.
18:18 of 3rd period - Goal by Brandon Dubinsky - Sharks : 1 - Lightning : 6.
18:19 of 3rd period - Alexander Steen wins face-off versus Tomas Fleischmann in neutral zone.
18:36 of 3rd period - Wrist shot by Chris Tierney.
18:36 of 3rd period - Shot Misses the Net.
18:38 of 3rd period - Wrist shot by Luca Sbisa.
18:38 of 3rd period - Shot Blocked by Marc Methot.
18:40 of 3rd period - Slapshot by Klas Dahlbeck.
18:40 of 3rd period - Stopped by Carey Price with a rebound.
18:54 of 3rd period - Snap shot by Tomas Fleischmann.
18:54 of 3rd period - Shot Misses the Net.
18:56 of 3rd period - Slapshot by Tomas Fleischmann.
18:56 of 3rd period - Stopped by Carey Price with a rebound.
19:02 of 3rd period - Minor Penalty to Alexander Steen for Hooking.
19:03 of 3rd period - Travis Zajac wins face-off versus Derek MacKenzie in Lightning zone.
19:13 of 3rd period - Slapshot by Ian Cole.
19:13 of 3rd period - Stopped by Carey Price with a rebound.
Goals for this period are 0 for Sharks vs 4 for Lightning.
Shots for this period are 8 for Sharks vs 21 for Lightning.